 Dungeon Crawl Stone Soup version 0.17.1-2-g5865329 (webtiles) character file.

72 SwimG the Shooter (level 4, -7/39 HPs)
             Began as a Deep Dwarf Hunter on Feb 7, 2016.
             Mangled by bollicks1999's ghost (11 damage)
             ... on level 3 of the Dungeon.
             The game lasted 00:37:52 (2351 turns).

SwimG the Shooter (Deep Dwarf Hunter)               Turns: 2351, Time: 00:37:52

Health: -7/39      AC: 11    Str: 15    XL:     4   Next: 6%
Magic:  4/4        EV:  7    Int: 12    God:
Gold:   75         SH:  0    Dex: 14    Spells: 0 memorised, 3 levels left

rFire  . . .     SeeInvis .     a - +1 shortbow
rCold  . . .     Clarity  .     q - +0 chain mail
rNeg   . . .     SustAt   .     (shield currently unavailable)
rPois  +         Gourm    .     z - +2 helmet
rElec  .         Spirit   .     (no cloak)
rCorr  .         Warding  .     (no gloves)
rMut   .         Stasis   .     (no boots)
MR     .....                    j - amulet of rage
Stlth  ..........               (no ring)
                                p - ring of poison resistance

@: non-regenerating, not resistant to hostile enchantments, extremely unstealthy
A: damage resistance, recharge devices, sense surroundings 1, slow regeneration
3
a: Device Recharging, Evoke Berserk Rage


You were on level 3 of the Dungeon.
You were not hungry.

You visited 1 branch of the dungeon, and saw 3 of its levels.

You collected 75 gold pieces.

Inventory:

Hand Weapons
 a - a +1 shortbow (weapon)
 b - a +0 short sword
 k - a +0 halberd
 r - a +0 dagger
 s - a +0 mace
 x - a +2 mace of holy wrath
 B - a +0 dagger
 C - a +0 short sword
 D - a +0 hand axe
 E - a +0 dagger
Missiles
 d - 15 arrows (quivered)
 w - 17 bolts
Armour
 c - a +0 leather armour
 l - a +0 ring mail
 o - a +0 leather armour
 q - a +0 chain mail (worn)
 y - a +0 chain mail
 z - a +2 helmet (worn)
 A - a +0 helmet
Jewellery
 j - an amulet of rage (around neck)
 p - a ring of poison resistance (left hand)
Wands
 e - a wand of heal wounds (5)
Scrolls
 h - 2 scrolls of recharging {unknown}
 m - a scroll of immolation {unknown}
 u - 2 scrolls of blinking {unknown}
 v - a scroll of remove curse {unknown}
Potions
 g - a potion of brilliance
 i - a potion of degeneration {unknown}
Comestibles
 f - a bread ration


   Skills:
 + Level 1.9 Fighting
 + Level 4.0 Bows
 + Level 0.9 Armour
 + Level 2.4 Dodging
 + Level 1.4 Stealth


You had 3 spell levels left.
You didn't know any spells.

Dungeon Overview and Level Annotations

Branches:
Dungeon (3/15)

Altars:
Cheibriados
Dithmenos

Annotations:
D:3 bollicks1999's ghost, amateur HOFi


Innate Abilities, Weirdness & Mutations

You are resistant to damage.
You can recharge devices by infusing magical energy.
You passively map a small area around you.
You do not regenerate naturally.


Message History

You shoot an arrow.
The arrow hits bollicks1999's ghost but does no damage.
Bollicks1999's ghost is heavily damaged.
Bollicks1999's ghost hits you!
* * * LOW HITPOINT WARNING * * *
Firing (i - inventory):
d - 17 arrows (quivered)
Press: ? - help, Shift-Dir - straight line, f/p - bollicks1999's ghost
Aim: bollicks1999's ghost (heavily damaged)
You shoot an arrow.
The arrow hits bollicks1999's ghost but does no damage.
Bollicks1999's ghost is heavily damaged.
Bollicks1999's ghost wails.
Bollicks1999's ghost hits you but does no damage.
Firing (i - inventory):
d - 16 arrows (quivered)
Press: ? - help, Shift-Dir - straight line, f/p - bollicks1999's ghost
Aim: bollicks1999's ghost (heavily damaged)
You shoot an arrow. The arrow hits bollicks1999's ghost.
Bollicks1999's ghost is heavily damaged.
Bollicks1999's ghost hits you!
You die...

##..$......##...#
#..................#
, *
###..##.....##...#.#,
* #. *#..#..###....#
* # *#..###..##..#.#
*,....#*#.....##.# *
* ...#.. ...#####.#,
,,
..##......#####†####*
* .#* ##..#@..†....#
#W..#.##.# *, *
#.#.#.##.#* *
#.#.#.##.., ,
#.#.#.##### #.#.#.#**
#.#.... #(###.# * #..
, ,


You could see bollicks1999's ghost.

Vanquished Creatures
  An adder (D:3)
  A gnoll (D:1)
  An ooze (D:2)
  A worm (D:2)
  2 giant geckos (D:1)
  8 bats
  2 giant cockroaches (D:2)
  8 goblins
  4 hobgoblins
  5 jackals
  4 giant newts
  6 kobolds
43 creatures vanquished.

Notes
Turn   | Place    | Note
--------------------------------------------------------------
     0 | D:1      | SwimG the Deep Dwarf Hunter began the quest for the Orb.
     0 | D:1      | Reached XP level 1. HP: 19/19 MP: 1/1
    36 | D:1      | Reached skill level 3 in Bows
   180 | D:1      | Reached XP level 2. HP: 15/26 MP: 2/2
   668 | D:1      | Found a snail-covered altar of Cheibriados.
  1078 | D:1      | Reached XP level 3. HP: 18/32 MP: 3/3
  2254 | D:3      | Reached skill level 4 in Bows
  2260 | D:3      | Reached XP level 4. HP: 29/39 MP: 4/4
  2289 | D:3      | Found a shadowy altar of Dithmenos.
  2297 | D:3      | Noticed bollicks1999's ghost (amateur HOFi)
  2351 | D:3      | Mangled by bollicks1999's ghost

Action                   |  1- 3 |  4- 6 || total
-------------------------+-------+-------++-------
 Fire: Shortbow          |   154 |    17 ||   171
  Use: Scroll            |     1 |       ||     1
       Potion            |     2 |     2 ||     4
  Eat: Beef jerky        |     2 |     1 ||     3
